 Dungeon Crawl Stone Soup version 0.24-a0-274-gb3763e6 (webtiles) character file.

Game seed: 17827588659446428795

7305 Hasart the Arsonist (level 10, -1/50 HPs)
             Began as a Deep Elf Fire Elementalist on Apr 26, 2019.
             Was a Priest of Sif Muna.
             Killed by divine providence
             ... invoked by an orc priest
              (13 damage)
             ... on level 9 of the Dungeon.
             The game lasted 00:21:38 (11455 turns).

Hasart the Arsonist (Deep Elf Fire Elementalist)   Turns: 11455, Time: 00:21:39

Health: -1/50      AC: 10    Str:  5    XL:     10   Next: 90%
Magic:  0/24       EV: 12    Int: 24    God:    Sif Muna [***...]
Gold:   415        SH:  0    Dex: 15    Spells: 16/26 levels left

rFire    + . .     SeeInvis .   A - +5 whip "Ohyiffuq" {slash, rPois Stlth+}
rCold    + . .     Gourm    .   (no shield)
rNeg     . . .     Faith    .   H - +2 ring mail of the Thoughtful Curses {rElec rPois rF+}
rPois    +         Spirit   .   K - +2 helmet
rElec    +         Reflect  .   (no cloak)
rCorr    .         Harm     .   (no gloves)
MR       ++...                  (no boots)
Stlth    ++........             w - amulet of the acrobat
HPRegen  0.16/turn              e - ring of protection from magic
MPRegen  0.19/turn              C - ring of protection from cold

@: very slightly contaminated, no casting
A: no striking features
a: Stop Divine Energy, Channel Magic, Renounce Religion


You were on level 9 of the Dungeon.
You worshipped Sif Muna.
Sif Muna was most pleased with you.
You were hungry.

You visited 2 branches of the dungeon, and saw 10 of its levels.

You collected 415 gold pieces.

Inventory:

Hand Weapons
 A - the +5 whip "Ohyiffuq" (weapon) {slash, rPois Stlth+}
   (You found it on level 5 of the Dungeon)

   It inflicts extra damage upon your enemies.
   It protects you from poison.
   It makes you more stealthy.
Armour
 H - the +2 ring mail of the Thoughtful Curses (worn) {rElec rPois rF+}
   (You found it on level 7 of the Dungeon)

   It protects you from fire.
   It insulates you from electricity.
   It protects you from poison.
 K - a +2 helmet (worn)
Magical Staves
 J - an uncursed staff of fire
Jewellery
 e - a ring of protection from magic (left hand)
 l - an uncursed ring of flight
 w - an amulet of the acrobat (around neck)
 C - a ring of protection from cold (right hand)
Wands
 u - a wand of acid (8)
 F - a wand of paralysis (16)
Scrolls
 f - 2 scrolls of enchant weapon {unknown}
 h - 8 scrolls of identify
 n - a scroll of magic mapping {unknown}
 o - 4 scrolls of remove curse
 p - a scroll of noise {unknown}
 q - 5 scrolls of teleportation
 r - a scroll of immolation {unknown}
 v - a scroll of amnesia {unknown}
 y - a scroll of enchant armour {unknown}
 D - a scroll of fear {unknown}
 E - a scroll of fog {unknown}
 I - a scroll of vulnerability {unknown}
Potions
 b - 2 potions of haste {unknown}
 g - 3 potions of lignification {unknown}
 i - a potion of flight {unknown}
 j - a potion of mutation {unknown}
 k - 3 potions of brilliance {unknown}
 m - 5 potions of heal wounds
 s - 2 potions of curing
 t - a potion of berserk rage {unknown}
 x - 2 potions of degeneration {unknown}
 z - a potion of invisibility {unknown}
 B - a potion of ambrosia {unknown}
 G - a potion of agility {unknown}
Comestibles
 c - 13 rations


   Skills:
 + Level 3.3 Armour
 + Level 7.8 Dodging
 - Level 2.4 Stealth
 + Level 8.6 Spellcasting
 * Level 9.7 Conjurations
 * Level 10.2 Fire Magic
 + Level 6.0 Invocations


You had 16 spell levels left.
You knew the following spells:

 Your Spells              Type           Power        Failure   Level  Hunger
a - Flame Tongue          Conj/Fire      #####        1%          1    None
b - Sticky Flame          Conj/Fire      ######..     4%          4    ##.....
c - Fireball              Conj/Fire      ######....   12%         5    ####...

Your spell library contained the following spells:

 Spells                   Type           Power        Failure   Level  Hunger
 Throw Flame              Conj/Fire      ######       1%          2    None
 Conjure Flame            Conj/Fire      ######..     1%          3    None
 Inner Flame              Hex/Fire       #####...     10%         3    None


Dungeon Overview and Level Annotations

Branches:
Dungeon (9/15)             Temple (1/1) D:4            Lair (0/6) D:8
    Orc: D:9-12

Altars:
Ashenzari
Cheibriados
Dithmenos
Elyvilon
Fedhas
Gozag
Hepliaklqana
Kikubaaqudgha
Makhleb
Nemelex Xobeh
Okawaru
Qazlal
Ru
Sif Muna
Trog
Uskayaw
Vehumet
Wu Jian
Xom
Yredelemnul
Zin
The Shining One


Message History

There isn't anything here!
You see here a +0 flail.
You regain access to your magic.
Things that are here:
a +0 flail; a +0 leather armour
Casting: Fireball (slightly dangerous; 12% risk of failure)
Confirm with . or Enter, or press ? or * to list all spells.
Aiming: Fireball (slightly dangerous; 12% risk of failure)
Press: ? - help, Shift-Dir - straight line, f/p - orc warrior
Aim: an orc warrior, wielding a +0 halberd and wearing a cursed +0 plate armour (severely wounded)
The fireball explodes!
The fireball engulfs the orc warrior!!
You kill the orc warrior!
Sif Muna accepts your kill.
The fireball engulfs the orc priest!
The orc priest is almost dead.
Sif Muna grants you divine energy.
You briefly lose access to your magic!
The orc priest invokes the aid of Beogh against you.
Beogh smites you!
You die...

..... #..#######
#..### ###..# .....#.
#....# ....... #....#
#.# .#####.
#....###### #o# .#
#....'....# #.# .#
#....####.# #.# .##
#.####'#####.######o#
....
..........@)).....##.#
####
.######.#####o######.#
#.# #.######.##### #.#
#.o.o.oo.....# #.#
############## ###


You could see an orc priest.

Vanquished Creatures
  3 two-headed ogres
  2 hippogriffs
  Sigmund (D:5)
  A hungry ghost (D:8)
  4 yaks
  Duvessa (D:6)
  2 porcupines (D:8)
  A water moccasin (D:7)
  An ice beast (D:8)
  4 orc warriors
  A sky beast (D:7)
  A black bear (D:8)
  3 phantoms
  3 ogres
  A centaur (D:5)
  2 crocodiles
  3 bullfrogs
  Dowan (D:6)
  2 scorpions
  5 killer bees (D:7)
  4 wights (D:8)
  An electric eel (D:9)
  3 howler monkeys
  A centaur zombie (D:8)
  A crimson imp (D:8)
  A centaur skeleton (D:9)
  6 hounds
  A jelly (D:7)
  5 orc priests
  4 bullfrog skeletons
  4 iguanas
  10 orc wizards
  6 worker ants
  A hound zombie (D:5)
  A hound skeleton (D:4)
  8 gnolls (D:8)
  8 adders
  A river rat (D:3)
  A shadow imp (D:5)
  2 oozes
  An adder skeleton (D:9)
  3 worms
  2 dart slugs
  11 leopard geckos
  51 orcs
  12 giant cockroaches
  3 goblins
  5 hobgoblins
  5 quokkas
  2 ball pythons
  8 bats
  4 frilled lizards
  3 jackal skeletons
  A jackal zombie (D:7)
  6 kobolds
  A leopard gecko zombie (D:7)
  A quokka zombie (D:7)
  8 rats
238 creatures vanquished.

Vanquished Creatures (others)
  An orc wizard (D:4)
  A worker ant (D:4)
  A gnoll (D:4)
  2 orcs (D:4)
  A quokka (D:4)
  A fungus (D:8)
7 creatures vanquished.

Grand Total: 245 creatures vanquished

Notes
Turn   | Place    | Note
-------+----------+-------------------------------------------
     0 | D:1      | Hasart the Deep Elf Fire Elementalist began the quest for
                  | the Orb.
     0 | D:1      | Reached XP level 1. HP: 10/10 MP: 6/6
   183 | D:1      | Reached XP level 2. HP: 15/15 MP: 5/8
  1054 | D:1      | You fall through a shaft!
  1139 | D:2      | Found a radiant altar of Vehumet.
  1207 | D:2      | Reached XP level 3. HP: 19/19 MP: 5/9
  1361 | D:2      | Found a basalt altar of Yredelemnul.
  1363 | D:2      | Found an iron altar of Okawaru.
  1408 | D:2      | Found a hazy altar of Hepliaklqana.
  1622 | D:2      | Reached skill level 4 in Fire Magic
  1692 | D:2      | Noticed a phantom
  1713 | D:2      | Killed a phantom
  1713 | D:2      | Reached XP level 4. HP: 3/24 MP: 0/11
  1980 | D:2      | Learned a level 4 spell: Sticky Flame
  2128 | D:3      | Reached XP level 5. HP: 26/28 MP: 2/12
  2161 | D:3      | HP: 1/28 [something/magic dart (8)]
  2887 | D:3      | HP: 1/28 [poisoned by kobold (curare-tipped needle)]
  3042 | D:3      | Reached skill level 5 in Fire Magic
  3290 | D:3      | Reached XP level 6. HP: 32/32 MP: 10/14
  3729 | D:4      | Found a staircase to the Ecumenical Temple.
  3745 | Temple   | Entered the Ecumenical Temple
  3808 | Temple   | Became a worshipper of Sif Muna the Loreminder
  3912 | D:4      | Learned a level 5 spell: Fireball
  4041 | D:4      | Reached skill level 1 in Invocations
  4041 | D:4      | Reached XP level 7. HP: 35/36 MP: 7/16
  4116 | D:4      | Found a shimmering altar of Xom.
  4536 | D:4      | Reached skill level 5 in Spellcasting
  4536 | D:4      | Reached skill level 6 in Fire Magic
  4937 | D:5      | Entered Level 5 of the Dungeon
  4943 | D:5      | Reached skill level 5 in Conjurations
  5056 | D:5      | Got a crystal whip
  5059 | D:5      | Identified the +5 whip "Ohyiffuq" {slash, rPois Stlth+}
                  | (You found it on level 5 of the Dungeon)
  5219 | D:5      | Noticed Sigmund
  5229 | D:5      | Killed Sigmund
  5229 | D:5      | Reached * piety under Sif Muna
  5238 | D:5      | Reached XP level 8. HP: 32/41 MP: 2/18
  5428 | D:5      | Found a snail-covered altar of Cheibriados.
  5586 | D:5      | Found a sparkling altar of Nemelex Xobeh.
  5835 | D:6      | Reached skill level 5 in Dodging
  6108 | D:6      | Reached skill level 7 in Fire Magic
  6116 | D:6      | Found a shadowy altar of Dithmenos.
  6197 | D:6      | Noticed Duvessa
  6197 | D:6      | Noticed Dowan
  6205 | D:6      | Killed Duvessa
  6208 | D:6      | Killed Dowan
  6473 | D:6      | Found a bloodstained altar of Trog.
  6965 | D:7      | Reached ** piety under Sif Muna
  7188 | D:7      | Got a jade-encrusted ring mail
  7196 | D:7      | Identified the +2 ring mail of the Thoughtful Curses {rElec
                  | rPois rF+} (You found it on level 7 of the Dungeon)
  7317 | D:7      | Reached XP level 9. HP: 40/45 MP: 13/20
  7364 | D:7      | Reached skill level 8 in Fire Magic
  7975 | D:7      | Found a stormy altar of Qazlal.
  8056 | D:8      | Got a brightly glowing ring mail
  8057 | D:8      | Identified the +4 ring mail of Beogh's Pride {Str+4} (You
                  | found it on level 8 of the Dungeon)
  8118 | D:8      | Reached skill level 1 in Armour
  8389 | D:8      | Found an ancient bone altar of Kikubaaqudgha.
  9449 | D:8      | Reached skill level 9 in Fire Magic
  9750 | D:8      | Noticed a two-headed ogre
  9761 | D:8      | Killed a two-headed ogre
  9761 | D:8      | Reached skill level 5 in Invocations
  9761 | D:8      | Reached XP level 10. HP: 18/50 MP: 6/23
  9876 | D:8      | Reached *** piety under Sif Muna
 10239 | D:8      | Found a staircase to the Lair.
 10575 | D:9      | Noticed a two-headed ogre
 10584 | D:9      | Killed a two-headed ogre
 10753 | D:9      | Noticed a two-headed ogre
 10777 | D:9      | Killed a two-headed ogre
 10777 | D:9      | Reached skill level 10 in Fire Magic
 11086 | D:9      | Found a sparkling altar of Nemelex Xobeh.
 11105 | D:9      | Found an opulent altar of Gozag.
 11115 | D:9      | Found a blossoming altar of Fedhas.
 11118 | D:9      | Found an ornate altar of the Wu Jian Council.
 11455 | D:9      | Killed from afar by an orc priest

Levels and vault maps discovered:
D:1:      co_arrival_random_square_maze, layout_loops_corners,
          minmay_pentomino_w4
D:2:      layout_loops_ring, nicolae_overflow_crystal_walls,
          nicolae_overflow_hidden_temple
D:3:      layout_basic, gup_sewer_entry_spiral
D:4:      layout_basic, xom_confusion_cloud, minmay_temple_entry_water_ring,
          first_ration
D:5:      layout_loops_ring, kennysheep_little_box, cheibriados_altar_1,
          uniq_sigmund
D:6:      layout_loops_ring, lightli_temple_of_fire, kennysheep_small_spiral,
          grunt_dithmenos_smoke_and_mirrors, uniq_duvessa
D:7:      layout_cave_pods, nicolae_qazlal_eye_of_the_storm
D:8:      layout_gridville, kennysheep_mini_moat, grunt_lair_entry_orc_guard_hut
D:9:      layout_basic, grunt_temple_overflow_diamond,
          nemelex_diamond_rough_becter, uniq_erolcha
Temple:   zaba_magenta_temple

Skill      XL: |  1  2  3  4  5  6  7  8  9 10 |
---------------+-------------------------------+-----
Conjurations   | 2 3 4 5 7 8 9 |  9.7
Fire Magic     | 4 5 6 7 9 10 | 10.2
Dodging        | 3 4 5 6 7 |  7.8
Spellcasting   | 4 5 6 7 8 |  8.6
Invocations    | 1 2 3 5 6 |  6.0
Armour         | 2 3 |  3.3
Stealth        | |  2.4

Action                   |  1- 3 |  4- 6 |  7- 9 | 10-12 || total
-------------------------+-------+-------+-------+-------++-------
Melee: Unarmed           |     1 |       |       |       ||     1
       Dagger            |     4 |       |       |       ||     4
       Short sword       |       |     3 |    18 |       ||    21
       Whip              |       |       |    47 |     3 ||    50
 Cast: Flame Tongue      |    57 |   113 |   185 |    72 ||   427
       Sticky Flame      |       |     3 |    42 |    11 ||    56
       Fireball          |       |       |     9 |    13 ||    22
Invok: Divine Energy     |       |       |       |     2 ||     2
       Stop Divine Energ |       |       |       |     1 ||     1
Evoke: Wand              |       |       |     5 |       ||     5
  Use: Potion            |       |     1 |       |       ||     1
       Scroll            |       |       |     5 |       ||     5
 Stab: Sleeping          |       |       |     3 |       ||     3
  Eat: Chunk             |     2 |     8 |    18 |     8 ||    36
       Ration            |       |       |     2 |       ||     2
Armor: Robe              |     3 |     7 |    12 |       ||    22
       Ring mail         |       |       |    42 |    11 ||    53
Dodge: Dodged            |    16 |    17 |   122 |    22 ||   177

Table legend:
 A = Non-vault XP
 B = Vault XP
 C = Vault XP percentage of total XP
 D = Non-vault monster count
 E = Vault monster count
 F = Vault count percentage of total count
                 A         B        C        D         E       F
            +---------+---------+-------+---------+---------+-------
      Total |    9409 |    1027 |   9.8 |     215 |      22 |   9.3
            +---------+---------+-------+---------+---------+-------
        D:1 |      17 |      15 |  46.9 |      10 |       6 |  37.5
        D:2 |     151 |       0 |   0.0 |      14 |       0 |   0.0
        D:3 |     210 |      25 |  10.6 |      38 |       6 |  13.6
        D:4 |     527 |       9 |   1.7 |      22 |       3 |  12.0
        D:5 |     362 |     231 |  39.0 |       9 |       1 |  10.0
        D:6 |     366 |     232 |  38.8 |      11 |       2 |  15.4
        D:7 |    1121 |       0 |   0.0 |      32 |       0 |   0.0
        D:8 |    3190 |     515 |  13.9 |      51 |       4 |   7.3
        D:9 |    3465 |       0 |   0.0 |      28 |       0 |   0.0
            +---------+---------+-------+---------+---------+-------
